AoeStats
← Pestilenz666

Arena

506154992Analyzed
4v4 RM · 19d ago on Sep 12, 2026· 47m 17s· 8 players
Game mode
Random Map
Map size
Large (8 player)
Population
200
Speed
Normal
Resources
Standard
Victory
Conquest
Starting age
Dark Age
Ending age
Imperial Age
RankedLock teamsTeams togetherTeam positionsShared explorationLock speedFull tech treeHidden civsTurbo modeCheats
Victory
Defeat
🇹🇼 Mongols · Taiwan
851
+10
🇨🇳 Franks · China
824
+11
🇨🇳 Chinese · China
724
+15
🇨🇳 Magyars · China
689
+15
🇩🇪 Huns · Germany
741
-14
🇨🇷 Khmer · Costa Rica
705
-13
🇪🇸 Shu · Spain
686
-16
🇨🇦 Romans · Canada
675
-12
Triumph
12:13 Feudal Age
12:46 Double-Bit Axe
17:14 Scale Mail Armor
18:05 Horse Collar
21:09 Castle Age
19:02 Man-at-Arms
29:16 Bow Saw
29:09 Heavy Plow
29:47 Gold Mining
29:47 Stone Mining
30:00 Caravan
30:37 Fortified Wall
30:49 Ballistics
30:40 Ballistas
30:49 Murder Holes
31:06 Masonry
31:14 Long Swordsman
31:59 Squires
32:11 Forging
32:17 Chain Mail Armor
31:58 Fletching
34:24 Gold Shaft Mining
33:37 Loom
34:29 Wheelbarrow
33:41 Town Watch
34:23 Bodkin Arrow
35:04 Iron Casting
34:35 Scale Barding Armor
37:07 Imperial Age
34:51 Town Patrol
35:47 Hand Cart
38:31 Legionary
39:37 Conscription
39:39 Comitatenses
42:06 Iron Casting
42:17 Scale Barding Armor
42:13 Heavy Scorpion
44:57 Blast Furnace
43:53 Bodkin Arrow
TitoLoco107
6:12 Loom
10:44 Feudal Age
13:01 Double-Bit Axe
16:02 Wheelbarrow
15:48 Gold Mining
15:53 Horse Collar
18:50 Town Watch
21:43 Castle Age
21:11 Stone Mining
22:16 Forging
21:57 Fletching
22:08 Padded Archer Armor
22:14 Scale Barding Armor
22:29 Heavy Plow
25:55 Gold Shaft Mining
26:39 Bow Saw
26:49 Bodkin Arrow
27:11 Leather Archer Armor
26:57 Scale Mail Armor
27:18 Chain Barding Armor
27:16 Hand Cart
28:01 Town Patrol
30:22 Caravan
31:15 Chain Mail Armor
37:56 Imperial Age
36:14 Ballistics
36:55 Squires
36:16 Pikeman
36:26 Pikeman
40:15 Two-Man Saw
38:49 Halberdier
42:06 Chemistry
41:18 Masonry
41:14 Siege Engineers
41:20 Fortified Wall
41:00 Guard Tower
41:10 Murder Holes
41:01 Arrowslits
42:01 Guilds
44:24 Plate Barding Armor
43:50 Bracer
44:21 Ring Archer Armor
44:58 Hoardings
47:35 Plate Mail Armor
Pestilenz666
0:46 Loom
10:49 Feudal Age
18:26 Castle Age
18:47 Double-Bit Axe
18:47 Horse Collar
22:06 Fletching
23:53 Wheelbarrow
24:36 Bow Saw
25:54 Padded Archer Armor
28:06 Thumb Ring
28:58 Heavy Plow
29:06 Town Watch
29:19 Bodkin Arrow
29:40 Leather Archer Armor
31:01 Hand Cart
33:41 Ballistics
35:54 Imperial Age
33:36 Town Patrol
35:22 Husbandry
36:10 Gold Mining
36:11 Stone Mining
38:56 Parthian Tactics
37:52 Heavy Cavalry Archer
Bobuster
0:26 Loom
11:31 Feudal Age
15:36 Castle Age
15:19 Wheelbarrow
14:34 Horse Collar
15:31 Double-Bit Axe
23:25 Heavy Plow
26:03 Bow Saw
30:35 Imperial Age
29:33 Caravan
29:53 Town Watch
30:23 Hand Cart
31:24 Town Patrol
32:15 Light Cavalry
33:04 Scale Barding Armor
33:09 Forging
34:15 Crop Rotation
33:51 Husbandry
34:06 Bloodlines
33:24 Elite Battle Elephant
34:28 Chain Barding Armor
35:10 Iron Casting
36:42 Plate Barding Armor
39:39 Tusk Swords
42:35 Double Crossbow
42:40 Heavy Scorpion
43:44 Ballistics
44:26 Chemistry
44:20 Fletching
kumkum118
8:29 Loom
12:21 Feudal Age
17:56 Castle Age
16:18 Horse Collar
16:51 Double-Bit Axe
17:00 Man-at-Arms
19:25 Wheelbarrow
23:35 Fervor
26:37 Heavy Plow
29:40 Town Watch
30:11 Hand Cart
33:19 Imperial Age
31:37 Bow Saw
31:28 Padded Archer Armor
31:29 Scale Mail Armor
31:19 Fletching
31:40 Forging
30:54 Light Cavalry
31:45 Bloodlines
31:35 Husbandry
31:55 Pikeman
32:35 Squires
32:20 Arson
31:56 Long Swordsman
34:13 Chain Mail Armor
34:04 Scale Barding Armor
33:54 Gold Mining
34:46 Two-Handed Swordsman
36:07 Plate Mail Armor
36:13 Iron Casting
35:38 Onager
35:48 Heavy Scorpion
36:12 Capped Ram
36:24 Elite Skirmisher
36:44 Champion
38:17 Siege Ram
39:47 Hussar
42:22 Siege Ram
3204078593
11:58 Feudal Age
13:18 Wheelbarrow
12:31 Double-Bit Axe
14:53 Horse Collar
22:48 Castle Age
21:34 Gold Mining
21:34 Stone Mining
23:49 Hand Cart
24:01 Bow Saw
23:54 Heavy Plow
27:28 Gold Shaft Mining
27:29 Stone Shaft Mining
26:59 Padded Archer Armor
26:50 Fletching
31:29 Imperial Age
29:04 Loom
30:23 Leather Archer Armor
33:04 Ring Archer Armor
32:30 Bodkin Arrow
34:45 Two-Man Saw
33:52 Scale Mail Armor
34:03 Forging
35:03 Bracer
39:10 Elite Chu Ko Nu
40:18 Rocketry
40:19 Conscription
39:30 Sappers
40:01 Great Wall
39:53 Pikeman
40:34 Squires
40:20 Arson
41:36 Chain Mail Armor
42:12 Town Watch
41:58 Halberdier
43:58 Iron Casting
43:53 Plate Mail Armor
46:35 Masonry
46:46 Ballistics
白白来了哦
10:54 Feudal Age
14:37 Loom
17:14 Castle Age
16:56 Double-Bit Axe
18:25 Bow Saw
22:28 Gold Mining
23:55 Wheelbarrow
25:25 Hand Cart
27:18 Gold Shaft Mining
28:00 Stone Mining
30:41 Imperial Age
29:49 Scale Barding Armor
29:54 Forging
30:32 Masonry
32:18 Iron Casting
32:04 Chain Barding Armor
31:50 Husbandry
31:13 Cavalier
32:42 Chivalry
33:03 Conscription
34:15 Blast Furnace
32:44 Paladin
35:20 Plate Barding Armor
35:30 Siege Engineers
35:36 Loom
39:32 Scale Mail Armor
39:27 Pikeman
40:35 Chain Mail Armor
40:12 Halberdier
40:39 Gambesons
40:55 Squires
40:40 Arson
42:05 Plate Mail Armor
zero
3:40 Loom
12:09 Feudal Age
16:12 Castle Age
14:06 Horse Collar
16:01 Double-Bit Axe
17:07 Bow Saw
19:36 Wheelbarrow
20:48 Heavy Plow
26:45 Hand Cart
27:40 Gold Mining
27:45 Stone Mining
28:40 Husbandry
28:52 Bloodlines
29:53 Gold Shaft Mining
30:21 Fervor
33:32 Imperial Age
31:57 Corvinian Army
33:14 Fletching
34:06 Bodkin Arrow
34:43 Ballistics
35:24 Chemistry
35:36 Two-Man Saw
35:08 Crop Rotation
35:00 Treadmill Crane
35:31 Siege Engineers
35:29 Padded Archer Armor
35:36 Bracer
35:39 Heavy Cavalry Archer
36:45 Parthian Tactics
36:31 Thumb Ring
36:58 Conscription
36:40 Recurve Bow
38:15 Caravan
38:00 Elite Magyar Huszar
38:46 Pikeman
39:31 Scale Mail Armor
39:49 Leather Archer Armor
40:56 Chain Mail Armor
41:12 Ring Archer Armor
40:53 Scale Barding Armor
40:32 Halberdier
43:01 Chain Barding Armor
43:11 Light Cavalry
47:09 Plate Barding Armor
46:57 Masonry
Connection lost

Rejoining the realm…

Still unreachable

The connection could not be restored.

Session expired

The server has moved on; the page needs a fresh start.